3AAA
SIOUX FALLS RED PANDAS @ HAMILTON COYOTES
05/31/2029
 
TOP OF THE 1ST
Sioux Falls Red Pandas batting - Pitching for Hamilton Coyotes : LHP Earl Brown
Pitching: LHP Earl Brown
Batting: RHB Hieu De 0-0: Ball
1-0: Foul Ball, location: 2F
1-1: Ball
2-1: Foul Ball, location: 2F
2-2: Ball
3-2: Foul Ball, location: 2F
3-2: Fly out, F8 (Flyball, 8RS)
Batting: LHB John Brewer 0-0: Foul Ball, location: 2F
0-1: Ball
1-1: SOLO HOME RUN (Flyball, 9D), Distance : 351 ft
Batting: RHB Pancho Salaedo 0-0: Called Strike
0-1: Ground out 5-3 (Groundball, 56)
Batting: RHB Matt Sheppard 0-0: Ball
1-0: Ground out 4-3 (Groundball, 4M)
Top of the 1st over - 1 run, 1 hit, 0 errors, 0 left on base; Sioux Falls 1 - Hamilton 0
BOTTOM OF THE 1ST
Hamilton Coyotes batting - Pitching for Sioux Falls Red Pandas : RHP Mick Alston
Pitching: RHP Mick Alston
Batting: RHB Juanito González 0-0: Called Strike
0-1: Swinging Strike
0-2: Ground out 4-3 (Groundball, 4)
Batting: RHB Robert Hill 0-0: Ball
1-0: Foul Ball, location: 2F
1-1: Foul Ball, location: 2F
1-2: Ball
2-2: Foul Ball, location: 2F
2-2: Ball
3-2: Base on Balls
Batting: LHB Ruben Yim 0-0: Ball
1-0: Fly out, F8 (Flyball, 8LS)
Pitching: RHP Edward Whipp
Batting: LHB Andrés Chávez 0-0: Ground out U3 (Groundball, 34)
Bottom of the 1st over - 0 runs, 0 hits, 0 errors, 1 left on base; Sioux Falls 1 - Hamilton 0
TOP OF THE 2ND
Sioux Falls Red Pandas batting - Pitching for Hamilton Coyotes : LHP Earl Brown
Batting: LHB Fa-tang Wang 0-0: Called Strike
0-1: Ball
1-1: Reached on error, E5 (Line Drive, 5)
Batting: RHB Russell Jackson 0-0: Ball
1-0: 2-RUN HOME RUN (Flyball, 7LD), Distance : 357 ft
Batting: SHB Raúl Duarte 0-0: Ball
1-0: Called Strike
1-1: Ball
2-1: Ball
3-1: Base on Balls
Batting: LHB Alfred Miles 0-0: Ball
1-0: Fly out, F4 (Line Drive, 4)
Batting: LHB Carlos Medellín 0-0: Ball
1-0: SINGLE (Groundball, 34D)
Raúl Duarte to second
Runner from 2nd tries for 3rd, SAFE, throw made to third
Batting: RHB Hieu De 0-0: Called Strike
Carlos Medellín is caught stealing 2nd base
0-1: Ball
1-1: Ball
2-1: Foul Ball, location: 2F
2-2: Ball
3-2: SINGLE (Groundball, 34D)
Raúl Duarte scores
Batting: LHB John Brewer 0-0: Called Strike
0-1: Ball
1-1: Ball
2-1: Ground out 4-3 (Groundball, 4)
Top of the 2nd over - 3 runs, 3 hits, 1 error, 1 left on base; Sioux Falls 4 - Hamilton 0
BOTTOM OF THE 2ND
Hamilton Coyotes batting - Pitching for Sioux Falls Red Pandas : RHP Edward Whipp
Batting: RHB Noel Wells 0-0: Ball
1-0: Called Strike
1-1: Foul Ball, location: 2F
1-2: Strikes out looking
Batting: RHB Jesús Soto 0-0: Called Strike
0-1: Ball
1-1: Ball
2-1: Called Strike
2-2: Strikes out looking
Batting: RHB Rodrigo Pagán 0-0: Ball
1-0: Ground out 6-3 (Groundball, 6)
Bottom of the 2nd over - 0 runs, 0 hits, 0 errors, 0 left on base; Sioux Falls 4 - Hamilton 0
TOP OF THE 3RD
Sioux Falls Red Pandas batting - Pitching for Hamilton Coyotes : LHP Earl Brown
Batting: RHB Pancho Salaedo 0-0: Ball
1-0: Fly out, F7 (Flyball, 7D)
Batting: RHB Matt Sheppard 0-0: Called Strike
0-1: Called Strike
0-2: Foul Ball, location: 2F
0-2: Strikes out swinging
Batting: LHB Fa-tang Wang 0-0: Called Strike
0-1: Ball
1-1: Ball
2-1: Foul Ball, location: 2F
2-2: Foul Ball, location: 2F
2-2: Fly out, F6 (Popup, 6M)
Top of the 3rd over - 0 runs, 0 hits, 0 errors, 0 left on base; Sioux Falls 4 - Hamilton 0
BOTTOM OF THE 3RD
Hamilton Coyotes batting - Pitching for Sioux Falls Red Pandas : RHP Edward Whipp
Batting: RHB Raleigh Delaney 0-0: Ball
1-0: Foul Ball, location: 2F
1-1: Ground out 4-3 (Groundball, 4)
Batting: RHB Henry Mann 0-0: Ball
1-0: Ground out 6-3 (Groundball, 6)
Batting: RHB Juanito González 0-0: Foul Ball, location: 2F
0-1: Foul Ball, location: 2F
0-2: Ball
1-2: Strikes out swinging
Bottom of the 3rd over - 0 runs, 0 hits, 0 errors, 0 left on base; Sioux Falls 4 - Hamilton 0
TOP OF THE 4TH
Sioux Falls Red Pandas batting - Pitching for Hamilton Coyotes : LHP Earl Brown
Batting: RHB Russell Jackson 0-0: Called Strike
0-1: Called Strike
0-2: Foul Ball, location: 2F
0-2: Ball
1-2: Strikes out looking
Batting: SHB Raúl Duarte 0-0: Foul Ball, location: 2F
0-1: Ball
1-1: Foul Ball, location: 2F
1-2: SOLO HOME RUN (Flyball, 89D), Distance : 357 ft
Batting: LHB Alfred Miles 0-0: Swinging Strike
0-1: Hit by Pitch
Batting: LHB Carlos Medellín 0-0: Ball
1-0: Fly out, F8 (Flyball, 78D)
Batting: RHB Hieu De 0-0: Ball
Alfred Miles steals 2nd base
1-0: Ball
2-0: Ball
3-0: Called Strike
3-1: Base on Balls
Batting: LHB John Brewer 0-0: Fly out, F2 (Popup, 25F)
Top of the 4th over - 1 run, 1 hit, 0 errors, 2 left on base; Sioux Falls 5 - Hamilton 0
BOTTOM OF THE 4TH
Hamilton Coyotes batting - Pitching for Sioux Falls Red Pandas : RHP Edward Whipp
Batting: RHB Robert Hill 0-0: Called Strike
0-1: Ball
1-1: Ground out 6-3 (Groundball, 6)
Batting: LHB Ruben Yim 0-0: Called Strike
0-1: Ground out 1-3 (Groundball, 15S)
Batting: LHB Andrés Chávez 0-0: Called Strike
0-1: Ball
1-1: Foul Ball, location: 2F
1-2: Ball
2-2: Foul Ball, location: 2F
2-2: Foul Ball, location: 2F
2-2: SINGLE (Line Drive, 34D)
Batting: RHB Noel Wells 0-0: Fly out, F9 (Flyball, 9S)
Bottom of the 4th over - 0 runs, 1 hit, 0 errors, 1 left on base; Sioux Falls 5 - Hamilton 0
TOP OF THE 5TH
Sioux Falls Red Pandas batting - Pitching for Hamilton Coyotes : LHP Earl Brown
Batting: RHB Pancho Salaedo 0-0: Fly out, F7 (Flyball, 78D)
Batting: RHB Matt Sheppard 0-0: Foul Ball, location: 2F
0-1: Swinging Strike
0-2: Ball
1-2: Strikes out swinging
Batting: LHB Fa-tang Wang 0-0: Ball
1-0: Foul Ball, location: 2F
1-1: Fly out, F7 (Flyball, 7)
Top of the 5th over - 0 runs, 0 hits, 0 errors, 0 left on base; Sioux Falls 5 - Hamilton 0
BOTTOM OF THE 5TH
Hamilton Coyotes batting - Pitching for Sioux Falls Red Pandas : RHP Edward Whipp
Batting: RHB Jesús Soto 0-0: Called Strike
0-1: Ball
1-1: Ball
2-1: SINGLE (Line Drive, 4M)
Batting: RHB Rodrigo Pagán 0-0: Foul Ball, location: 2F
0-1: Foul Ball, location: 2F
0-2: SINGLE (Line Drive, 4D)
Jesús Soto to second
Pitching: RHP Orlando Uribe
Batting: RHB Raleigh Delaney 0-0: Fly out, F9 (Flyball, 89D)
Runner from 2nd tags up, SAFE at 3rd with throw
Batting: RHB Henry Mann 0-0: Called Strike
0-1: Ball
1-1: Fly out, F8 (Flyball, 8RD)
Runner from 3rd tags up, OUT at HOME
Bottom of the 5th over - 0 runs, 2 hits, 0 errors, 1 left on base; Sioux Falls 5 - Hamilton 0
TOP OF THE 6TH
Sioux Falls Red Pandas batting - Pitching for Hamilton Coyotes : LHP Earl Brown
Batting: RHB Russell Jackson 0-0: Called Strike
0-1: Swinging Strike
0-2: Ball
1-2: DOUBLE (Line Drive, 89D)
Batting: SHB Raúl Duarte 0-0: Called Strike
0-1: Ball
1-1: Ball
2-1: Called Strike
2-2: Strikes out looking
Batting: LHB Alfred Miles 0-0: Ball
1-0: SINGLE (Line Drive, 7S)
Russell Jackson to third
Batting: LHB Carlos Medellín 0-0: Ball
Alfred Miles is caught stealing 2nd base
1-0: Ball
2-0: Ground out U3 (Groundball, 3L)
Top of the 6th over - 0 runs, 2 hits, 0 errors, 1 left on base; Sioux Falls 5 - Hamilton 0
BOTTOM OF THE 6TH
Hamilton Coyotes batting - Pitching for Sioux Falls Red Pandas : RHP Orlando Uribe
Batting: RHB Juanito González 0-0: Fly out, F7 (Flyball, 7)
Batting: RHB Robert Hill 0-0: Ball
1-0: Ball
2-0: Foul Ball, location: 2F
2-1: Foul Ball, location: 2F
2-2: Foul Ball, location: 2F
2-2: Foul Ball, location: 2F
2-2: Fly out, F9 (Flyball, 9D)
Batting: LHB Ruben Yim 0-0: Ball
1-0: Ball
2-0: Ball
3-0: Foul Ball, location: 2F
3-1: Foul Ball, location: 2F
3-2: Base on Balls
Batting: LHB Andrés Chávez 0-0: Called Strike
0-1: Ball
1-1: Ball
2-1: Fly out, F4 (Line Drive, 34)
Bottom of the 6th over - 0 runs, 0 hits, 0 errors, 1 left on base; Sioux Falls 5 - Hamilton 0
TOP OF THE 7TH
Sioux Falls Red Pandas batting - Pitching for Hamilton Coyotes : LHP Earl Brown
Batting: RHB Hieu De 0-0: Ball
1-0: Foul Ball, location: 2F
1-1: Called Strike
1-2: Ball
2-2: DOUBLE (Line Drive, 9D)
Batting: LHB John Brewer 0-0: Called Strike
0-1: Ball
1-1: Ball
2-1: Ball
3-1: Foul Ball, location: 2F
3-2: Foul Ball, location: 2F
3-2: Strikes out swinging
Batting: RHB Pancho Salaedo 0-0: Called Strike
0-1: Ball
1-1: Foul Ball, location: 2F
1-2: SINGLE (Flyball, 9LS)
Hieu De to third
Runner from 3rd tries for Home, SAFE, no throw
Batting: RHB Matt Sheppard 0-0: Called Strike
0-1: Ball
1-1: Ball
2-1: SINGLE (Line Drive, 4MD)
Pancho Salaedo to second
Pitching: LHP Roger Shaw
Batting: LHB Fa-tang Wang 0-0: Fielders Choice at 2nd, 4-6 (Groundball, 4)
Pancho Salaedo to third
Batting: RHB Russell Jackson 0-0: Called Strike
0-1: Ball
1-1: Ball
2-1: Ball
3-1: Base on Balls
Fa-tang Wang to second
Batting: SHB Raúl Duarte 0-0: Called Strike
0-1: Ball
1-1: Ball
2-1: Ball
3-1: Foul Ball, location: 2F
3-2: Foul Ball, location: 2F
3-2: Base on Balls
Pancho Salaedo scores
Fa-tang Wang to third
Russell Jackson to second
Batting: LHB Alfred Miles 0-0: Called Strike
0-1: Foul Ball, location: 2F
0-2: Ball
1-2: Strikes out looking
Top of the 7th over - 2 runs, 3 hits, 0 errors, 3 left on base; Sioux Falls 7 - Hamilton 0
BOTTOM OF THE 7TH
Hamilton Coyotes batting - Pitching for Sioux Falls Red Pandas : RHP Orlando Uribe
Batting: RHB Noel Wells 0-0: Ball
1-0: Foul Ball, location: 2F
1-1: Called Strike
1-2: SINGLE (Groundball, 56S) (infield hit)
Batting: RHB Jesús Soto 0-0: Ball
1-0: SINGLE (Groundball, 56D)
Noel Wells to second
Batting: RHB Rodrigo Pagán 0-0: Ball
1-0: Ball
2-0: Foul Ball, location: 2F
2-1: Foul Ball, location: 2F
2-2: Ball
3-2: SINGLE (Groundball, 34D)
Noel Wells to third
Jesús Soto to second
Batting: RHB Raleigh Delaney 0-0: Called Strike
0-1: Ball
1-1: Ball
2-1: Fly out, F4 (Line Drive, 4M)
Batting: RHB Henry Mann 0-0: Ball
1-0: Foul Ball, location: 2F
1-1: Called Strike
1-2: Grounds into double play, 6-4-3 (Groundball, 6)
Bottom of the 7th over - 0 runs, 3 hits, 0 errors, 2 left on base; Sioux Falls 7 - Hamilton 0
TOP OF THE 8TH
Sioux Falls Red Pandas batting - Pitching for Hamilton Coyotes : LHP Roger Shaw
Batting: LHB Carlos Medellín 0-0: Swinging Strike
0-1: Fly out, F7 (Flyball, 7LM)
Pinch Hitting: RHB Pedro Morales 0-0: Called Strike
0-1: Ball
1-1: Swinging Strike
1-2: Ball
2-2: Ball
3-2: Base on Balls
Batting: LHB John Brewer 0-0: Called Strike
0-1: Called Strike
0-2: Fielders Choice at 2nd, 4-6 (Groundball, 34)
Batting: RHB Pancho Salaedo 0-0: Called Strike
0-1: Ball
1-1: Fielders Choice at 2nd, 5-4 (Groundball, 5L)
Top of the 8th over - 0 runs, 0 hits, 0 errors, 1 left on base; Sioux Falls 7 - Hamilton 0
BOTTOM OF THE 8TH
Hamilton Coyotes batting - Pitching for Sioux Falls Red Pandas : RHP Orlando Uribe
Now at 1B: José Ortega
Batting: RHB Juanito González 0-0: Called Strike
0-1: Ball
1-1: Ball
2-1: Ball
3-1: Ground out 6-3 (Groundball, 6S)
Batting: RHB Robert Hill 0-0: Called Strike
0-1: Ball
1-1: Ball
2-1: Swinging Strike
2-2: SINGLE (Line Drive, 34D)
Batting: LHB Ruben Yim 0-0: Ball
1-0: Ball
2-0: Ball
3-0: Base on Balls
Robert Hill to second
Batting: LHB Andrés Chávez 0-0: Called Strike
0-1: Ball
1-1: Fly out, F8 (Flyball, 78S)
Batting: RHB Noel Wells 0-0: Ball
1-0: Ball
2-0: Foul Ball, location: 2F
2-1: Called Strike
2-2: SINGLE (Line Drive, 8RS)
Robert Hill to third
Ruben Yim to second
Batting: RHB Jesús Soto 0-0: Ball
1-0: Ball
2-0: Ball
3-0: Base on Balls
Robert Hill scores
Ruben Yim to third
Noel Wells to second
Pitching: RHP Olivier Carlier
Batting: RHB Rodrigo Pagán 0-0: Foul Ball, location: 2F
0-1: SINGLE (Line Drive, 9LS)
Ruben Yim scores
Noel Wells to third
Jesús Soto to second
Runner from 3rd tries for Home, SAFE, no throw
Batting: RHB Raleigh Delaney 0-0: Ball
1-0: Fielders Choice at 2nd, 6-4 (Groundball, 6)
Bottom of the 8th over - 3 runs, 3 hits, 0 errors, 2 left on base; Sioux Falls 7 - Hamilton 3
TOP OF THE 9TH
Sioux Falls Red Pandas batting - Pitching for Hamilton Coyotes : LHP Roger Shaw
Pitching: RHP Norberto Flores
Batting: RHB Matt Sheppard 0-0: Swinging Strike
0-1: Foul Ball, location: 2F
0-2: Foul Ball, location: 2F
0-2: Foul Ball, location: 2F
0-2: Strikes out swinging
Batting: LHB Fa-tang Wang 0-0: Fly out, F4 (Popup, 34)
Batting: RHB Russell Jackson 0-0: Called Strike
0-1: Swinging Strike
0-2: Ball
1-2: Strikes out swinging
Top of the 9th over - 0 runs, 0 hits, 0 errors, 0 left on base; Sioux Falls 7 - Hamilton 3
BOTTOM OF THE 9TH
Hamilton Coyotes batting - Pitching for Sioux Falls Red Pandas : RHP Olivier Carlier
Batting: RHB Henry Mann 0-0: Foul Ball, location: 2F
0-1: Foul Ball, location: 2F
0-2: Foul Ball, location: 2F
0-2: Foul Ball, location: 2F
0-2: Ball
1-2: Fly out, F4 (Line Drive, 4M)
Batting: RHB Juanito González 0-0: Ball
1-0: Swinging Strike
1-1: SINGLE (Line Drive, 7LS)
Batting: RHB Robert Hill 0-0: Called Strike
0-1: Reached on error, E6 (Groundball, 6)
Juanito González to second
Batting: LHB Ruben Yim 0-0: Fly out, F6 (Line Drive, 6M)
Batting: LHB Andrés Chávez 0-0: Hit by Pitch
Juanito González to third
Robert Hill to second
Batting: RHB Noel Wells 0-0: Foul Ball, location: 2F
0-1: Called Strike
0-2: Fly out, F4 (Popup, 34D)
Bottom of the 9th over - 0 runs, 1 hit, 1 error, 3 left on base; Sioux Falls 7 - Hamilton 3
Tuesday, December 19th, 2017 - OOTP Baseball 18.8 Build 76